 Dungeon Crawl Stone Soup version 0.29-a0-559-g359e09b9d1 (webtiles) character file.

Game seed: 13467365727311624144

6 spiderkeys the Ducker (level 1, -3/13 HPs)
             Began as a Deep Elf Abyssal Knight on June 10, 2022.
             Was a Believer of Lugonu.
             Killed from afar by a dart slug (5 damage)
             ... with a slug dart
             ... on level 1 of the Dungeon.
             The game lasted 00:00:27 (492 turns).

spiderkeys the Ducker (Deep Elf Abyssal Knight)      Turns: 492, Time: 00:00:28

Health: -3/13      AC:  3    Str: 10    XL:     1   Next: 75%
Magic:  4/4        EV: 12    Int: 14    God:    Lugonu [**....]
Gold:   36         SH:  0    Dex: 15    Spells: 1/1 levels left

rFire   . . .      SeeInvis .   a - +1 short sword
rCold   . . .      Faith    .   (no shield)
rNeg    . . .      Spirit   .   b - +0 leather armour
rPois   .          Reflect  .   (no helmet)
rElec   .          Harm     .   (no cloak)
rCorr   .          Rampage  .   (no gloves)
Will    .....                   (no boots)
Stlth   +.........              (no amulet)
HPRegen 0.04/turn               (no ring)
MPRegen 0.09/turn               (no ring)

@: no status effects
A: no striking features
a: Renounce Religion, Depart the Abyss, Bend Space


You were on level 1 of the Dungeon.
You worshipped Lugonu.
Lugonu was pleased with you.
You visited 1 branch of the dungeon, and saw 1 of its levels.
You visited the Abyss 1 time.

You collected 36 gold pieces.


   Skills:
 + Level 2.5 Fighting
 - Level 2.0 Short Blades
 - Level 0.7 Armour
 + Level 2.6 Dodging
 + Level 0.8 Spellcasting
 + Level 2.1 Invocations


You had one spell level left.
You didn't know any spells.
Your spell library was empty.

Inventory:

Hand Weapons
 a - a +1 short sword (weapon)
Armour
 b - a +0 leather armour (worn)
Scrolls
 c - a scroll of fear {unknown}
 e - a scroll of teleportation {unknown}
Potions
 d - a potion of curing {unknown}

Dungeon Overview and Level Annotations

Branches:
Dungeon (1/15)

Altars:

#.............
#...###)###.##
#..#.##.##.##.
#..##.#.......
########..###...####.
# #........## #####
### ... .#####..# ...
.....#####..##### .##
......w@.......... ..
...#.#####?.###### ##
...# ...# #########
#...# #.......##
#(..# +.>.>.>.+.
..... #.......## ..#
########## #.......#.


You could see a dart slug.


Message History

😎 HP[+1]
Your hp is fully restored (13).
You see here a +0 club.
d - a yellow potion A hobgoblin comes into view.
The hobgoblin shouts!
The hobgoblin hits you. 😕 HP[-2]
You take 2 damage, and now have 11/13 hp.
You hit the hobgoblin. The hobgoblin hits you. 😮 HP[-2]
You take 2 damage, and now have 9/13 hp.
You are too injured to fight recklessly!
You are too injured to fight recklessly!
You are too injured to fight recklessly!
You hit the hobgoblin.
You kill the hobgoblin!
Lugonu accepts your kill. 😕 HP[+1]
A goblin comes into view. It is wielding a +0 club. 😎 HP[+3]
Your hp is fully restored (13).
A goblin is nearby!
A goblin is nearby!
A goblin is nearby!
The goblin shouts!
You hit the goblin.
You kill the goblin!
Lugonu accepts your kill.
No target in view!
No target in view!
You see here a +0 club.
Found an escape hatch in the floor.
Key pressed, stopping explore.
You now have 25 gold pieces (gained 10).
You now have 36 gold pieces (gained 11).
Key pressed, stopping explore.
No target in view!
No target in view!
A frilled lizard comes into view.
A frilled lizard is nearby!
The helpless frilled lizard fails to defend itself.
You puncture the frilled lizard!
You kill the frilled lizard!
Lugonu accepts your kill.
No target in view!
A goblin comes into view. It is wielding a +0 club.
The goblin shouts!
A goblin is nearby!
A goblin is nearby!
You miss the goblin. The goblin closely misses you.
You hit the goblin.
You kill the goblin!
Lugonu accepts your kill.
No target in view!
No target in view!
Things that are here:
a +0 club; a goblin corpse Key pressed, stopping explore.
e - a scroll labelled ATOS MUATUMOHI A ball python comes into view.
The ball python hisses angrily.
A ball python is nearby!
You hit the ball python.
A dart slug comes into view.
The ball python bites you. The ball python grabs you.
The ball python constricts you. 😕 HP[-2]
You take 2 damage, and now have 11/13 hp.
You closely miss the ball python. The ball python closely misses you.
The ball python constricts you.
You closely miss the ball python. The ball python barely misses you.
The ball python constricts you. 😕 HP[-1]
You take 1 damage, and now have 10/13 hp.
You hit the ball python. The ball python closely misses you.
The ball python constricts you.
You hit the ball python.
You kill the ball python!
Lugonu accepts your kill. The dart slug launches a dart at you.
The slug dart hits you. 😮 HP[-2]
You take 2 damage, and now have 8/13 hp.
You are too injured to fight recklessly!
You are too injured to fight recklessly!
You are too injured to fight recklessly!
You are too injured to fight recklessly!
The dart slug launches a dart at you. The slug dart hits you.
* * * LOW HITPOINT WARNING * * *
😱 HP[-6]
You take 6 damage, and now have 2/13 hp.
MASSIVE DAMAGE!! (PAUSE)
You hit the dart slug.
The dart slug briefly extends its eye-stalks.
The dart slug launches a dart at you. The slug dart hits you.
You die...

Action                   || total
-------------------------++-------
Melee: Short sword       ||    15
 Stab: Sleeping          ||     1
Dodge: Dodged            ||     6

Levels and vault maps discovered:
D:1:      minmay_arrival_up_and_down, layout_loops_ring, minmay_misc_feat_five

Notes
Turn   | Place    | Note
-------+----------+-------------------------------------------
     0 | Abyss:1  | spiderkeys the Deep Elf Abyssal Knight began the quest for
                  | the Orb.
     0 | Abyss:1  | Reached XP level 1. HP: 13/13 MP: 4/4
     0 | Abyss:1  | magus.rc [v1.11.3]
     0 | Abyss:1  | Found a corrupted altar of Lugonu.
    84 | Abyss:1  | Found a corrupted altar of Lugonu.
   103 | D:1      | You pass through the gate.
   103 | D:1      | Escaped the Abyss
   491 | D:1      | HP: 2/13 [dart slug/slug dart (6)]
   492 | D:1      | Killed from afar by a dart slug

Vanquished Creatures
  3 goblins (D:1)
  A hobgoblin (D:1)
  A ball python (D:1)
  A frilled lizard (D:1)
6 creatures vanquished.

Table legend:
 A = Non-vault XP
 B = Vault XP
 C = Vault XP percentage of total XP
 D = Non-vault monster count
 E = Vault monster count
 F = Vault count percentage of total count
                 A         B        C        D         E       F
            +---------+---------+-------+---------+---------+-------
      Total |       9 |       0 |   0.0 |       6 |       0 |   0.0
            +---------+---------+-------+---------+---------+-------
        D:1 |       9 |       0 |   0.0 |       6 |       0 |   0.0
            +---------+---------+-------+---------+---------+-------

Illustrated notes

Table legend:
 A = Kills in this place as a percentage of kills in entire the game.
 B = Kills by you in this place as a percentage of kills by you in the entire game.
 C = Kills by friends in this place as a percentage of kills by friends in the entire game.
 D = Other kills in this place as a percentage of other kills in the entire game.
 E = Experience gained in this place as a percentage of experience gained in the entire game.
 F = Experience gained in this place divided by the number of levels of this place that you have seen.
                   A       B       C       D       E      F
               +-------+-------+-------+-------+-------+----------------------
         Total | 100.0 | 100.0 |   N/A |   N/A | 100.0 |   4.5
       Dungeon | 100.0 | 100.0 |   N/A |   N/A | 100.0 |   9.0
               +-------+-------+-------+-------+-------+----------------------

Table legend: (Time is in decaauts)
 A = Elapsed time spent in this place.
 B = Non-inter-level travel time spent in this place.
 C = Inter-level travel time spent in this place.
 D = Time resting spent in this place.
 E = Time spent auto-exploring this place.
 F = Levels seen in this place.
 G = Mean time per level.
                   A        B        C        D        E       F      G
               +--------+--------+--------+--------+--------+-----+--------+
         Total |    491 |    491 |      0 |      0 |    437 |   2 |  245.5 |
       Dungeon |    388 |    388 |      0 |      0 |    345 |   1 |  388.0 |
         Abyss |    103 |    103 |      0 |      0 |     92 |   1 |  103.0 |
               +--------+--------+--------+--------+--------+-----+--------+

Top non-repeatable levels by time:
     D:1: 388 daAuts
 Abyss:1: 103 daAuts
